AoeStats
← Runxi24

Arabia

507836577Analyzed
4v4 RM · 12d ago on Sep 19, 2026· 50m 29s· 8 players
Game mode
Random Map
Map size
Large (8 player)
Population
200
Speed
Normal
Resources
Standard
Victory
Conquest
Starting age
Dark Age
Ending age
Imperial Age
RankedLock teamsTeams togetherTeam positionsShared explorationLock speedFull tech treeHidden civsTurbo modeCheats
Victory
Defeat
🇵🇪 Mongols · Peru
1220
+16
🇨🇭 Burgundians · Switzerland
1193
+17
🇪🇸 Portuguese · Spain
1193
+17
🇨🇴 Ethiopians · Colombia
1154
+18
🇦🇷 Mongols · Argentina
1294
-21
🇦🇷 Ethiopians · Argentina
1277
-20
🇦🇷 Persians · Argentina
1175
-15
🇦🇷 Franks · Argentina
1096
-12
Dr.Greenthumb
9:34 Double-Bit Axe
11:01 Wheelbarrow
10:13 Loom
10:54 Horse Collar
12:46 Feudal Age
15:41 Bow Saw
15:59 Heavy Plow
18:11 Castle Age
16:22 Scale Barding Armor
17:46 Forging
18:21 Cavalier
20:16 Husbandry
21:46 Hand Cart
25:14 Chain Barding Armor
25:34 Gold Mining
33:27 Imperial Age
31:38 Iron Casting
33:35 Paladin
34:54 Plate Barding Armor
36:52 Blast Furnace
36:34 Stone Mining
37:19 Gold Shaft Mining
37:32 Fletching
38:21 Stone Shaft Mining
38:10 Conscription
37:59 Burgundian Vineyards
41:36 Bodkin Arrow
43:37 Conscription
Runxi24
6:36 Loom
9:48 Feudal Age
10:22 Double-Bit Axe
17:39 Gold Mining
18:17 Fletching
21:18 Padded Archer Armor
21:23 Horse Collar
25:43 Castle Age
26:22 Bodkin Arrow
25:50 Crossbowman
26:32 Town Watch
30:55 Bow Saw
31:42 Wheelbarrow
32:12 Wheelbarrow
32:00 Leather Archer Armor
32:57 Ballistics
39:36 Imperial Age
40:10 Imperial Age
40:59 Bracer
41:08 Thumb Ring
40:32 Arbalester
42:44 Chemistry
julianSD7
6:37 Loom
9:50 Feudal Age
13:05 Padded Archer Armor
14:05 Wheelbarrow
14:12 Town Watch
16:53 Double-Bit Axe
21:51 Castle Age
21:01 Horse Collar
21:23 Scale Mail Armor
21:16 Fletching
22:13 Crossbowman
23:21 Thumb Ring
24:33 Bodkin Arrow
28:19 Ballistics
28:43 Elite Skirmisher
29:45 Leather Archer Armor
34:51 Scale Mail Armor
35:01 Forging
36:09 Hand Cart
38:30 Chain Mail Armor
38:51 Iron Casting
42:24 Imperial Age
40:50 Town Patrol
42:04 Gold Mining
42:04 Stone Mining
42:30 Bow Saw
42:40 Arbalester
43:42 Bracer
47:23 Two-Man Saw
46:25 Heavy Plow
47:01 Gold Shaft Mining
47:03 Stone Shaft Mining
47:56 Halberdier
48:37 Squires
49:26 Plate Mail Armor
50:03 Blast Furnace
49:34 Ring Archer Armor
49:35 Conscription
51:41 Chemistry
50:47 Siege Engineers
50:54 Masonry
50:39 Murder Holes
EL CHANCHO 3026
9:23 Feudal Age
7:40 Loom
14:27 Castle Age
12:56 Double-Bit Axe
14:09 Gold Mining
17:27 Bow Saw
21:54 Bloodlines
23:01 Husbandry
24:11 Wheelbarrow
26:41 Scale Barding Armor
27:42 Chain Barding Armor
28:09 Forging
29:44 Town Watch
31:12 Hand Cart
32:18 Iron Casting
34:46 Gold Shaft Mining
38:39 Imperial Age
36:32 Light Cavalry
38:04 Stone Mining
38:35 Fletching
38:46 Padded Archer Armor
41:33 Blast Furnace
40:40 Horse Collar
40:54 Cavalier
41:48 Capped Ram
45:26 Stone Shaft Mining
45:22 Conscription
48:11 Bodkin Arrow
48:31 Leather Archer Armor
48:29 Heavy Plow
47:52 Siege Ram
48:07 Hussar
48:50 Bracer
50:27 Elite Mangudai
samuel_ojeda
11:30 Feudal Age
11:36 Man-at-Arms
15:38 Loom
19:55 Castle Age
17:57 Double-Bit Axe
20:51 Fletching
21:03 Padded Archer Armor
21:20 Bow Saw
23:57 Bodkin Arrow
25:09 Leather Archer Armor
27:33 Ballistics
29:07 Thumb Ring
32:08 Bloodlines
40:50 Husbandry
43:23 Imperial Age
41:43 Wheelbarrow
41:20 Gold Mining
44:07 Bracer
44:43 Parthian Tactics
45:33 Heavy Cavalry Archer
Hago una granja y voy
4:48 Loom
9:15 Feudal Age
9:46 Double-Bit Axe
10:03 Horse Collar
13:41 Town Watch
21:35 Castle Age
20:31 Scale Barding Armor
20:37 Forging
20:41 Gold Mining
22:30 Chain Barding Armor
22:22 Bloodlines
23:02 Husbandry
27:15 Iron Casting
31:22 Bow Saw
34:38 Heavy Plow
35:54 Wheelbarrow
37:59 Imperial Age
36:42 Stone Mining
37:55 Cavalier
39:48 Blast Furnace
40:34 Plate Barding Armor
41:03 Hand Cart
42:03 Savar
42:04 Light Cavalry
43:12 Conscription
43:21 Hussar
jlopezaacoroni
3:28 Loom
11:18 Feudal Age
13:56 Double-Bit Axe
18:08 Scale Barding Armor
19:57 Wheelbarrow
24:37 Castle Age
23:56 Gold Mining
25:27 Husbandry
25:48 Forging
27:44 Chain Barding Armor
29:05 Gold Shaft Mining
29:04 Bow Saw
36:34 Iron Casting
37:54 Pikeman
38:34 Squires
49:55 Imperial Age
49:51 #83
Alejandro Manco
6:49 Loom
9:45 Feudal Age
10:11 Town Watch
10:44 Double-Bit Axe
21:35 Castle Age
20:23 Gold Mining
20:54 Fletching
21:56 Horse Collar
22:21 Bodkin Arrow
22:12 Crossbowman
26:40 Wheelbarrow
29:08 Bow Saw
34:31 Imperial Age
32:52 Padded Archer Armor
33:09 Thumb Ring
34:18 Scale Mail Armor
35:28 Bracer
36:02 Hand Cart
36:09 Chain Mail Armor
36:26 Leather Archer Armor
37:49 Plate Mail Armor
37:21 Elite Skirmisher
38:31 Halberdier
40:16 Ring Archer Armor
43:27 Stone Mining
44:46 Gold Shaft Mining
47:11 Forging
49:06 Squires
50:04 Arbalester
Connection lost

Rejoining the realm…

Still unreachable

The connection could not be restored.

Session expired

The server has moved on; the page needs a fresh start.